AoeStats
← Triqem

Golden Pit

509516956Analyzed
1v1 RM · 7d ago on Sep 27, 2026· 31m 32s· 2 players
Game mode
Random Map
Map size
Tiny (2 player)
Population
200
Speed
Normal
Resources
Standard
Victory
Conquest
Starting age
Dark Age
Ending age
Imperial Age
RankedLock teamsTeams togetherTeam positionsShared explorationLock speedFull tech treeHidden civsTurbo modeCheats
Victory
Defeat
🇲🇽 Chinese · Mexico
954
+16
🇺🇸 Tupi · United States
953
-16
Triqem
7:34 Loom
10:32 Feudal Age
17:11 Castle Age
16:27 Forging
18:01 Fletching
21:20 Squires
21:57 Double-Bit Axe
22:22 Champi Runner
25:49 Stone Mining
31:33 Scale Mail Armor
M_Monarca
1:10 Loom
10:53 Feudal Age
11:34 Horse Collar
13:12 Fletching
20:12 Castle Age
20:20 Crossbowman
21:10 Thumb Ring
26:18 Bodkin Arrow
Connection lost

Rejoining the realm…

Still unreachable

The connection could not be restored.

Session expired

The server has moved on; the page needs a fresh start.